 Dungeon Crawl Stone Soup version 0.21-a0-79-g04744e2 (webtiles) character file.

31438 Ijustatesigmund the Commander (level 13, -9/142 HPs)
             Began as an Octopode Assassin on June 22, 2017.
             Was a High Priest of Okawaru.
             Mangled by Agnes
             ... wielding a +0 lajatang of speed
              (18 damage)
             ... on level 14 of the Dungeon.
             The game lasted 00:58:30 (15004 turns).

Ijustatesigmund the Commander (Octopode Assassin)  Turns: 15004, Time: 00:58:31

Health: -9/142     AC: 11    Str: 16    XL:     13   Next: 58%
Magic:  30/30      EV: 21    Int: 14    God:    Okawaru [*****.]
Gold:   927        SH:  8    Dex: 17    Spells: 7/17 levels left

rFire    . . .     SeeInvis .   u - +6 rapier (speed)
rCold    + . .     Gourm    .   Z - +1 buckler {reflect}
rNeg     . . .     Faith    .   o - +2 hat {MR+}
rPois    +         Spirit   .   t - amulet of magic regeneration
rElec    .         Reflect  +   g - ring of stealth
rCorr    .         Harm     .   k - +1 ring of slaying
MR       +....                  d - +3 ring of protection
Stlth    ..........             y - +3 ring of protection
HPRegen  0.33/turn              C - ring of protection from cold
MPRegen  0.47/turn              H - ring of poison resistance
                                L - ring of magical power
                                Y - ring of flight

@: berserking, heroism, very quick
A: almost no armour, stealthy swim, amphibious, 8 rings, constrict 8, icy blue
scales 1, camouflage 1, mutation resistance 1, gelatinous body 1
a: Heroism, Finesse, Renounce Religion, Evoke Flight


You were on level 14 of the Dungeon.
You worshipped Okawaru.
Okawaru was extremely pleased with you.
You were hungry.

You visited 2 branches of the dungeon, and saw 16 of its levels.

You collected 1106 gold pieces.
You spent 179 gold pieces at shops.

Inventory:

Hand Weapons
 b - a +0 blowgun
 i - a +4 scimitar of flaming
 q - a +7 quick blade of venom
 u - a +6 rapier of speed (weapon)
Missiles
 n - 50 poisoned needles
 w - 2 javelins of returning
 x - 6 poisoned tomahawks
 E - 4 tomahawks (quivered)
 T - a curare-tipped needle
Armour
 o - a +2 hat of magic resistance (worn)
 Z - a +1 buckler of reflection (worn)
Jewellery
 d - a +3 ring of protection (on tentacle)
 g - a ring of stealth (left tentacle)
 k - a +1 ring of slaying (right tentacle)
 t - an amulet of magic regeneration (around mantle)
 y - a +3 ring of protection (on tentacle)
 C - a ring of protection from cold (on tentacle)
 H - a ring of poison resistance (on tentacle)
 L - a ring of magical power (on tentacle)
 Y - a ring of flight (on tentacle)
Wands
 l - a wand of iceblast (3/15)
 m - a wand of flame (38/48)
 A - a wand of lightning (8/15)
 B - a wand of iceblast (6/15)
 P - a wand of enslavement (16/24)
Scrolls
 e - 4 scrolls of remove curse
 z - a scroll of teleportation
 F - a scroll of blinking
 N - 3 scrolls of recharging
 O - 2 scrolls of fog
 R - a scroll of identify
 S - a scroll of fear
Potions
 a - a potion of magic
 c - a potion of flight
 p - a potion of agility
 s - 3 potions of curing
 v - a potion of ambrosia
 G - 2 potions of brilliance
 J - 2 potions of invisibility
 K - a potion of might
Books
 I - a book of Transfigurations

   Spells                             Type                      Level
   a - Irradiate                      Conjuration/Transmutation    5
   b - Statue Form                    Transmutation/Earth          6
   c - Hydra Form                     Transmutation                6
   d - Dragon Form                    Transmutation                7
 Q - a book of Necromancy

   Spells                             Type                      Level
   a - Pain                           Necromancy                   1
   b - Animate Skeleton               Necromancy                   1
   c - Vampiric Draining              Necromancy                   3
   d - Regeneration                   Charms/Necromancy            3
   e - Animate Dead                   Necromancy                   4
   f - Control Undead                 Necromancy                   4
Comestibles
 f - 9 bread rations
 h - 11 meat rations
 r - a royal jelly


   Skills:
 + Level 11.5(16.5) Fighting
 + Level 11.6(16.6) Short Blades
 - Level 2.0(7.0) Throwing
 - Level 5.8(10.8) Dodging
 - Level 8.0(13.0) Stealth
 - Level 6.4(11.4) Shields
 - Level 2.6 Spellcasting
 - Level 2.6 Conjurations
 - Level 3.1 Charms
 - Level 3.0 Translocations
 - Level 3.3 Air Magic
 + Level 11.7 Invocations


You had 7 spell levels left.
You knew the following spells:

 Your Spells              Type           Power        Failure   Level  Hunger
a - Magic Dart            Conj           #...         8%          1    #......
b - Blink                 Tloc           N/A          10%         2    ###....
c - Swiftness             Chrm/Air       ##......     9%          2    ###....
d - Apportation           Tloc           ##....       6%          1    #......
e - Lesser Beckoning      Tloc           ##........   19%         3    ###....
f - Summon Butterflies    Summ           #.......     22%         1    #......


Dungeon Overview and Level Annotations

Branches:
Dungeon (14/15)            Temple (0/1) D:7            Lair (2/6) D:11
    Orc (0/2) D:9
  Swamp: Lair:2-4    Shoals: Lair:2-4     Snake: Lair:2-4    Spider: Lair:2-4
 Vaults: D:13-14

Altars:
Cheibriados
Dithmenos
Elyvilon
Gozag
Kikubaaqudgha
Nemelex Xobeh
Okawaru
Sif Muna
Uskayaw
Vehumet

Shops:
D:7 *   D:8 :   D:11 !

Annotations:
D:6 sergedm's ghost, novice DECj
D:14 Agnes


Innate Abilities, Weirdness & Mutations

You cannot wear most types of armour.
You are very stealthy in the water. (Stealth+)
You are amphibious.
You can wear up to eight rings at the same time.
You can use your tentacles to constrict eight enemies at once.
Your skin changes colour to match your surroundings (Stealth+).
Your rubbery body absorbs attacks. (AC +1, EV +1)
You are partially covered in icy blue scales. (AC +2)
You are somewhat resistant to further mutation.


Message History

You puncture the hound! You grab the hound. You tentacle-slap the hound.
You squeeze the hound.
You kill the hound!
Okawaru accepts your kill.
You hear a shout!
Agnes hits you with a lajatang of speed!!
* * * LOW HITPOINT WARNING * * *
You block Agnes's attack.
Found a plate armour.
A red film seems to cover your vision as you go berserk!
You feel yourself moving faster!
You feel mighty! Agnes misses you. You block Agnes's attack.
You impale Agnes!! Your grab misses Agnes.
Agnes is moderately wounded.
You impale Agnes!! Your grab misses Agnes. Your squeeze misses Agnes.
Agnes is heavily wounded.
You closely miss Agnes. Your grab misses Agnes.
Agnes is heavily wounded.
Agnes hits you with a lajatang of speed!!
You die...

#.#............
##########.......^.....
.........#..######.###.
....###....###
#..........# #
####.......# .###[.
#.......####......
#######.......##.i......
......$.......##@#
#######.......##.#
#......%##.#
##.##.####.#
###..).[.##.#
#....###.##.# #....#
#..<)# #...)# #.####
##........#


You could see Agnes.

Vanquished Creatures
  Azrael (D:13)
  The ghost of 4thArraOfDagon the Carver, a journeyman MiAK of Lugonu (D:13)
  Erolcha (D:11)
  A hydra (D:11)
  A centaur warrior (D:13)
  6 two-headed ogres
  An orange crystal statue (D:10)
  A wizard (D:14)
  2 ugly things
  A wolf spider zombie (D:13)
  2 manticores
  3 cyclopes
  5 gargoyles
  2 komodo dragons
  2 efreet
  4 trolls
  A hornet (D:9)
  A wolf spider simulacrum (D:12)
  7 hippogriffs
  A slime creature (D:9)
  2 wraiths
  3 shadows
  A vampire (D:9)
  19 yaks
  A spriggan (D:8)
  Eustachio (D:4)
  4 wyverns
  2 fire elementals (D:13)
  3 hungry ghosts
  A soldier ant (D:12)
  2 water moccasins
  2 hell hounds (D:13)
  3 porcupines
  3 necrophages
  2 sky beasts
  2 black bears
  A hornet zombie (D:10)
  5 orc warriors
  4 ice beasts
  2 eyes of draining
  10 centaurs
  5 ogres
  4 phantoms
  A crocodile (D:10)
  Blork the orc (D:4)
  5 big kobolds
  12 bullfrogs
  A wyvern zombie (D:8)
  2 gnoll sergeants
  8 scorpions
  6 killer bees (D:11)
  10 wights
  3 electric eels (D:10)
  6 howler monkeys
  11 crimson imps
  5 jellies
  2 quasits
  2 centaur zombies
  8 hounds
  3 centaur skeletons
  A gnoll shaman (D:9)
  3 orc priests
  14 orc wizards
  2 bullfrog skeletons
  Jessica (D:3)
  5 iguanas
  Terence (D:2)
  5 worker ants
  3 hound skeletons
  A howler monkey zombie (D:5)
  A worker ant zombie (D:10)
  6 adders
  19 gnolls
  5 oozes
  2 adder zombies
  3 worms
  A dart slug (D:1)
  A leopard gecko (D:7)
  28 orcs
  2 ball pythons
  8 bats
  3 giant cockroaches
  4 goblins
  9 hobgoblins
  19 jackals
  4 quokkas
  4 frilled lizards
  21 kobolds
  A leopard gecko skeleton (D:5)
  A quokka skeleton (D:4)
  9 rats
399 creatures vanquished.

Vanquished Creatures (others)
  A deep elf mage (D:13)
  A centaur zombie (D:13)
  A kobold (D:13)
  14 fungi (D:11)
  10 plants (D:11)
27 creatures vanquished.

Grand Total: 426 creatures vanquished

Notes
Turn   | Place    | Note
-------+----------+-------------------------------------------
     0 | D:1      | Ijustatesigmund the Octopode Assassin began the quest for the Orb.
     0 | D:1      | Reached XP level 1. HP: 14/14 MP: 1/1
   200 | D:1      | Reached XP level 2. HP: 20/20 MP: 2/2
   310 | D:1      | Reached XP level 3. HP: 26/26 MP: 3/3
   691 | D:2      | Learned a level 1 spell: Magic Dart
   755 | D:2      | Reached XP level 4. HP: 27/33 MP: 4/4
  1000 | D:2      | Found a deep blue altar of Sif Muna.
  1159 | D:2      | Found a white marble altar of Elyvilon.
  1178 | D:2      | Noticed Terence
  1182 | D:2      | Killed Terence
  1182 | D:2      | Reached skill level 5 in Fighting
  1182 | D:2      | Reached XP level 5. HP: 33/39 MP: 5/5
  1476 | D:2      | Learned a level 2 spell: Blink
  1552 | D:3      | Noticed Jessica
  1560 | D:3      | Killed Jessica
  1560 | D:3      | Reached skill level 1 in Translocations
  1805 | D:3      | You fall through a shaft for 3 floors!
  1946 | D:6      | Noticed a sky beast
  1987 | D:6      | Noticed sergedm's ghost (novice DECj)
  1995 | D:5      | Entered Level 5 of the Dungeon
  2069 | D:4      | Found an ancient bone altar of Kikubaaqudgha.
  2481 | D:3      | Reached XP level 6. HP: 32/45 MP: 6/6
  2607 | D:4      | Noticed Eustachio
  2656 | D:4      | Noticed Blork the orc
  2801 | D:4      | Killed Blork the orc
  2892 | D:4      | Killed Eustachio
  2892 | D:4      | Reached XP level 7. HP: 49/50 MP: 7/7
  3030 | D:4      | Reached skill level 1 in Conjurations
  3039 | D:4      | Reached skill level 5 in Short Blades
  3373 | D:4      | Gained mutation: You are somewhat resistant to further mutation. [potion of mutation]
  3373 | D:4      | Gained mutation: You are partially covered in icy blue scales. (AC +2) [potion of mutation]
  3729 | D:5      | Reached XP level 8. HP: 55/55 MP: 8/8
  3885 | D:5      | Found an opulent altar of Gozag.
  4978 | D:6      | Found a snail-covered altar of Cheibriados.
  5056 | D:7      | Found an iron altar of Okawaru.
  5066 | D:7      | Became a worshipper of Warmaster Okawaru
  5123 | D:7      | Found a hide-covered altar of Uskayaw.
  5151 | D:7      | Found a staircase to the Ecumenical Temple.
  5208 | D:7      | Found Vakhliwe's Assorted Antiques.
  5212 | D:7      | Reached skill level 1 in Invocations
  5237 | D:7      | Bought an agate ring for 130 gold pieces
  5237 | D:7      | Bought a pink potion for 23 gold pieces
  5237 | D:7      | Bought a scroll labeled ESIBAITHRURCH for 26 gold pieces
  5245 | D:7      | Found a sparkling altar of Nemelex Xobeh.
  5605 | D:8      | Noticed a hippogriff
  5610 | D:8      | Killed a hippogriff
  5610 | D:8      | Reached * piety under Okawaru
  5610 | D:8      | Reached XP level 9. HP: 63/63 MP: 10/12
  5616 | D:8      | Noticed a two-headed ogre
  5888 | D:9      | Noticed a troll
  5896 | D:9      | Killed a troll
  5896 | D:9      | Reached skill level 5 in Invocations
  6105 | D:9      | Reached ** piety under Okawaru
  6180 | D:9      | Noticed a hornet
  6442 | D:8      | Reached XP level 10. HP: 68/72 MP: 15/15
  6526 | D:8      | Noticed a two-headed ogre
  6541 | D:8      | Killed a two-headed ogre
  6541 | D:8      | Reached *** piety under Okawaru
  6946 | D:8      | Killed a two-headed ogre
  7107 | D:8      | Noticed a gargoyle
  7121 | D:8      | Killed a gargoyle
  7123 | D:8      | Noticed a gargoyle
  7125 | D:8      | Noticed a gargoyle
  7137 | D:8      | Killed a gargoyle
  7137 | D:8      | Reached **** piety under Okawaru
  7151 | D:8      | Killed a gargoyle
  7152 | D:8      | Noticed a gargoyle
  7155 | D:8      | Killed a gargoyle
  7155 | D:8      | Received a gift from Okawaru
  7155 | D:8      | Reached XP level 11. HP: 59/80 MP: 18/18
  7469 | D:8      | Found Puicouwn's Book Emporium.
  7580 | D:9      | Reached skill level 10 in Invocations
  7599 | D:9      | Found a radiant altar of Vehumet.
  7623 | D:9      | Reached ***** piety under Okawaru
  7632 | D:9      | Noticed a two-headed ogre
  7711 | D:9      | Learned a level 2 spell: Swiftness
  7882 | D:9      | Reached skill level 1 in Air Magic
  8004 | D:9      | Reached skill level 1 in Charms
  8064 | D:9      | Killed a two-headed ogre
  8064 | D:9      | Received a gift from Okawaru
  8301 | D:9      | Found a staircase to the Orcish Mines.
  8314 | D:9      | Learned a level 1 spell: Apportation
  8318 | D:9      | Learned a level 3 spell: Lesser Beckoning
  8320 | D:9      | Learned a level 1 spell: Summon Butterflies
  8553 | D:10     | Entered Level 10 of the Dungeon
  8753 | D:10     | Found a sparkling altar of Nemelex Xobeh.
  9070 | D:10     | Noticed an orange crystal statue
  9876 | D:10     | Killed an orange crystal statue
  9876 | D:10     | Reached skill level 5 in Dodging
  9999 | D:11     | Noticed a cyclops
 10306 | D:11     | Killed a cyclops
 10366 | D:11     | Reached XP level 12. HP: 76/87 MP: 19/19
 10570 | D:11     | Identified a scroll of acquirement
 10870 | D:11     | Noticed Erolcha
 10878 | D:11     | Noticed a six-headed hydra
 10889 | D:11     | Killed a one-headed hydra
 11013 | D:11     | Received a gift from Okawaru
 11013 | D:11     | Reached skill level 5 in Shields
 11219 | D:11     | Killed Erolcha
 11493 | D:11     | Found a staircase to the Lair.
 11500 | Lair:1   | Entered Level 1 of the Lair of Beasts
 11568 | Lair:1   | Reached skill level 10 in Short Blades
 11840 | Lair:2   | Noticed a seven-headed hydra
 12018 | Lair:1   | Noticed an eight-headed hydra
 12357 | D:11     | Found Wida Laure's Distillery.
 12537 | D:12     | Reached skill level 1 in Spellcasting
 12606 | D:12     | Reached skill level 10 in Fighting
 12638 | D:12     | Received a gift from Okawaru
 12948 | D:12     | Found a shadowy altar of Dithmenos.
 13059 | D:12     | Noticed a two-headed ogre
 13069 | D:12     | Killed a two-headed ogre
 13351 | D:13     | Received a gift from Okawaru
 13383 | D:13     | Noticed 4thArraOfDagon's ghost (journeyman MiAK)
 13395 | D:13     | Killed 4thArraOfDagon's ghost
 13402 | D:13     | Noticed a centaur warrior
 13411 | D:13     | Reached XP level 13. HP: 81/93 MP: 20/20
 13804 | D:13     | Noticed Azrael
 14840 | D:13     | Killed Azrael
 14999 | D:14     | Noticed Agnes
 15004 | D:14     | Mangled by Agnes

Vault maps used:
D:1:      minmay_arrival_jagged
D:2:      minmay_wonky_spiral, lemuel_coloured_pillars_altar, elyvilon_altar_4,
          uniq_terence
D:3:      uniq_jessica
D:4:      kennysheep_little_box, uniq_eustachio, uniq_blork_the_orc
D:5:      cheibrodos_quashed, lemuel_doored_altar, first_bread, hex_intersection
D:6:      slow_altar_2
D:7:      okawaru_gym_becter, eat_drink_and_be_merry_uskayaw,
          minmay_temple_entry_hall, basic_altar, serial_shops,
          nicolae_shop_crystal
D:8:      cheibrodos_statue_roulette, serial_shops, nicolae_shop_behind_doors,
          the_bakery
D:9:      hangedman_cross_cluster
D:10:     statuecave_lemuel, nemelex_diamond_rough_becter
D:11:     grunt_lair_entry_orc_guard_hut, serial_shops, nicolae_shop_crystal,
          minmay_checkerbox, uniq_erolcha
D:12:     nicolae_dithmenos_through_a_glass_darkly
D:13:     st_stairs_14, uniq_snorg, uniq_azrael
D:14:     david_vaults_4, corexii_corridor_pit, uniq_agnes
Lair:2:   minmay_swamp_entry_reptiles, beast_lair_carwin_8, grunt_megastairs_5,
          lemuel_fruit_fields

Skill      XL: |  1  2  3  4  5  6  7  8  9 10 11 12 13 |
---------------+----------------------------------------+-----
Fighting       | 3 4 5 6 7 9 10 11 | 11.5
Translocations | 3 |  3.0
Dodging        | 2 5 |  5.8
Short Blades   | 4 5 7 8 9 10 11 | 11.6
Conjurations   | 2 |  2.6
Invocations    | 4 7 9 10 11 | 11.7
Air Magic      | 3 |  3.3
Charms         | 3 |  3.1
Stealth        | 7 8 |  8.0
Shields        | 6 |  6.4
Spellcasting   | 2 |  2.6
Throwing       | |  2.0

Action                   |  1- 3 |  4- 6 |  7- 9 | 10-12 | 13-15 || total
-------------------------+-------+-------+-------+-------+-------++-------
Melee: Dagger            |    48 |    70 |     3 |       |       ||   121
       Constrict         |     8 |    13 |    39 |    83 |    10 ||   153
       Tentacles         |     3 |    14 |    39 |   171 |    40 ||   267
       Rapier            |       |       |   212 |   672 |   192 ||  1076
       Punch             |       |       |     1 |     8 |     3 ||    12
       Scimitar          |       |       |       |     6 |       ||     6
 Fire: Blowgun           |    11 |    26 |     4 |    29 |       ||    70
Throw: Tomahawk          |       |     7 |    10 |    19 |     8 ||    44
 Cast: Blink             |       |       |       |     9 |     1 ||    10
       Summon Butterflie |       |       |       |     2 |       ||     2
Invok: Heroism           |       |       |     3 |    12 |     4 ||    19
Evoke: Wand              |       |       |       |     7 |     5 ||    12
  Use: Potion            |     3 |     5 |     2 |     4 |     4 ||    18
       Scroll            |     2 |     8 |    11 |    12 |     5 ||    38
 Stab: Sleeping          |    12 |    16 |    13 |    28 |     9 ||    78
       Distracted        |     1 |     1 |       |     8 |     1 ||    11
  Eat: Chunk             |       |     4 |     7 |     7 |     3 ||    21
       Royal jelly       |       |     1 |     1 |     3 |     1 ||     6
       Fruit             |       |       |     3 |     7 |       ||    10
       Bread ration      |       |       |       |     1 |       ||     1
Armor: Skin              |     2 |     4 |    29 |    83 |    20 ||   138
Dodge: Dodged            |    25 |    46 |    84 |   269 |    64 ||   488
Block: Buckler           |       |       |       |    61 |    28 ||    89
       Reflection        |       |       |       |     3 |     3 ||     6
       Rpst.: Scimitar   |       |       |       |     1 |       ||     1
